 Dungeon Crawl Stone Soup version 0.31-a0-187-gba352fbbf7 (webtiles) character file.

Game seed: 6923967991624597892

315 qw the Skirmisher (level 6, -2/35 HPs)
             Began as a Deep Elf Hunter on June 22, 2023.
             Slain by a black bear (3 damage)
             ... on level 4 of the Dungeon.
             The game lasted 00:00:44 (2343 turns).

qw the Skirmisher (Deep Elf Hunter)                 Turns: 2343, Time: 00:00:44

Health: -2/35      AC:  5    Str: 14    XL:     6   Next: 20%
Magic:  8/8        EV: 12    Int: 14    God:
Gold:   190        SH:  0    Dex: 20    Spells: 5/5 levels left

rFire   . . .        Y - +0 shortbow
rCold   . . .        (shield currently unavailable)
rNeg    . . .        j - +0 ring mail
rPois   .            (no helmet)
rElec   .            (no cloak)
rCorr   .            (no gloves)
SInv    .            (no boots)
Will    .....        (no amulet)
Stlth   +            e - +6 ring of strength
HPRegen 0.25/turn    (no ring)
MPRegen 0.11/turn

%: no passive effects
@: no status effects
A: no striking features
a: no special abilities


You were on level 4 of the Dungeon.
You visited 1 branch of the dungeon, and saw 5 of its levels.

You collected 190 gold pieces.


   Skills:
 - Level 2.0 Fighting
 + Level 9.1 Ranged Weapons
 - Level 3.9 Dodging
 - Level 1.2 Stealth


You had 5 spell levels left.
You didn't know any spells.
Your spell library was empty.

Inventory:

Hand Weapons
 Y - a +0 shortbow (weapon)
Armour
 j - a +0 ring mail (worn)
Jewellery
 e - a +6 ring of strength (left hand)
Scrolls
 f - a scroll of identify
Potions
 b - a potion of haste {unknown}
 c - a potion of heal wounds {unknown}
 g - a potion of attraction {unknown}
 h - a potion of curing
 i - a potion of degeneration {unknown}

Dungeon Overview and Level Annotations

Branches:
Dungeon (5/15)
 Temple: D:4-7

Altars:

Annotations:
D:5 Grinder


Message History

The black bear claws you but does no damage.
The black bear closely misses you.
You shoot an arrow. The arrow hits the black bear.
The black bear is severely wounded.
The ball python bites you but does no damage.
The ball python barely misses you. The black bear bites you.
The black bear barely misses you. The black bear claws you.
The endoplasm misses you.
The ball python bites you but does no damage.
The ball python grabs you. The ball python constricts you.
You shoot an arrow.
The arrow hits the ball python but does no damage.
The black bear bites you. The black bear claws you.
The black bear claws you but does no damage.
The endoplasm freezes you.
You are frozen.
The ball python bites you but does no damage.
The ball python constricts you.
You shoot an arrow. The arrow hits the ball python.
The ball python is severely wounded.
The ball python bites you. The ball python constricts you.
The black bear barely misses you. The black bear claws you.
The black bear barely misses you. The endoplasm freezes you.
You are frozen.
You shoot an arrow. The arrow hits the ball python.
You kill the ball python!
The black bear bites you but does no damage.
The black bear claws you. x2
The endoplasm freezes you.
You are frozen.
You shoot an arrow. The arrow hits the black bear.
The black bear is severely wounded.
The black bear goes berserk!
The endoplasm freezes you.
You are frozen.
You shoot an arrow.
The arrow closely misses the black bear.
The black bear barely misses you. The black bear claws you.
You die...

### . #.
#.. #...
(.# .#.
#.. ..#
..#.. ...
#J# #@#
#.....h..#
#####.####
#.# #.#
#.# #.#
..#


You could see a black bear (berserk) and an endoplasm.

Vanquished Creatures
  A phantom (D:5)
  An orc priest (D:5)
  A hound (D:5)
  A jelly (D:5)
  2 orc wizards (D:5)
  5 adders
  An ufetubus (D:5)
  A worm (D:2)
  2 orcs (D:5)
  6 ball pythons
  A bat (D:2)
  3 endoplasms
  2 giant cockroaches (D:2)
  6 goblins
  4 hobgoblins
  A kobold (D:3)
  5 quokkas
  2 frilled lizards
  2 rats
47 creatures vanquished.

Notes
Turn   | Place    | Note
-------+----------+-------------------------------------------
     0 | D:1      | qw the Deep Elf Hunter began the quest for the Orb.
     0 | D:1      | Reached XP level 1. HP: 12/12 MP: 3/3
     0 | D:1      | 0 ||| qw: Version: 0.3-a-9-g12657ce
     0 | D:1      | 0 ||| qw: Game counter: 2184
     0 | D:1      | 0 ||| qw: Always use a shield: true
     0 | D:1      | 0 ||| qw: God list: Okawaru
     0 | D:1      | 0 ||| qw: Allow faded altars: false
     0 | D:1      | 0 ||| qw: Do Orc after D:15 true
     0 | D:1      | 0 ||| qw: Do second Lair branch before Depths: true
     0 | D:1      | 0 ||| qw: Lair rune preference: random
     0 | D:1      | 0 ||| qw: Plans: Normal
     0 | D:1      | 0 ||| PLANNING D:1-11
   172 | D:1      | Reached XP level 2. HP: 16/16 MP: 4/4
   175 | D:1      | Reached skill level 6 in Ranged Weapons
   828 | D:1      | 828 ||| UPGRADING to +0 ring mail.
   838 | D:1      | 838 ||| DROPPING +0 leather armour.
   839 | D:1      | 839 ||| UPGRADING to +6 ring of strength.
   840 | D:1      | 840 ||| READING scroll labelled NIAMANOMIPN.
   844 | D:1      | 844 ||| READING 2 scrolls labelled GOUBBO OPTORCHO.
   845 | D:1      | 845 ||| DROPPING scroll of butterflies.
   970 | D:2      | Reached XP level 3. HP: 20/20 MP: 5/5
  1158 | D:2      | Reached skill level 7 in Ranged Weapons
  1254 | D:2      | Reached XP level 4. HP: 25/25 MP: 6/6
  1508 | D:2      | 1508 ||| READING scroll labelled GANAKKE VAARPH.
  1509 | D:2      | 1509 ||| READING scroll labelled VOWYJAWNUNTU.
  1510 | D:2      | 1510 ||| READING scroll labelled OPOKKA NUMIRY.
  1511 | D:2      | 1511 ||| DRINKING 2 fizzy golden potions.
  1546 | D:3      | You fall into a shaft and drop 2 floors!
  1546 | D:5      | Entered Level 5 of the Dungeon
  1547 | D:5      | 1547 ||| PLANNING OSSUARY
  1609 | D:5      | Reached skill level 8 in Ranged Weapons
  1623 | D:5      | HP: 6/25 [something (3)]
  1628 | D:5      | Reached XP level 5. HP: 5/29 MP: 7/7
  1800 | D:5      | Noticed Grinder
  1811 | D:5      | Paralysed by Grinder for 5 turns
  1818 | D:5      | HP: 6/29 [hound (3)]
  1819 | D:5      | 1819 ||| READING scroll of teleportation.
  1822 | D:5      | Reached skill level 9 in Ranged Weapons
  1822 | D:5      | 1822 ||| FLEEEEING.
  1823 | D:5      | 1823 ||| FLEEEEING.
  2067 | D:5      | Noticed a phantom
  2080 | D:5      | Killed a phantom
  2081 | D:5      | Reached skill level 3 in Dodging
  2081 | D:5      | Reached XP level 6. HP: 34/34 MP: 8/8
  2192 | D:5      | 2192 ||| RIP OSSUARY
  2196 | D:5      | 2196 ||| PLANNING D:1-11
  2277 | D:5      | 2277 ||| READING 2 scrolls of identify.
  2277 | D:5      | 2277 ||| IDENTIFYING bubbling ruby potion
  2278 | D:5      | 2278 ||| DROPPING potion of brilliance.
  2340 | D:4      | HP: 8/35 [ball python (3)]
  2341 | D:4      | HP: 3/35 [black bear (1)]
  2342 | D:4      | HP: 1/35 [frozen (1)]
  2343 | D:4      | Slain by a black bear

Levels and vault maps discovered:
D:1:      giann_wishing_wells, layout_basic
D:2:      layout_basic, minmay_bisected
D:3:      minmay_wonky_spiral, layout_basic, ebering_ecumenical_altar_box,
          uniq_jessica, uniq_terence, uniq_robin, uniq_sigmund
D:4:      layout_loops_ring, hangedman_abyss_or_decor_jellyfish_corner
D:5:      layout_basic, enter_ossuary_1, serial_shops, nicolae_square_shop,
          roderic_roman_lattice, uniq_grinder

Skill      XL: |  1  2  3  4  5  6 |
---------------+-------------------+-----
Ranged Weapons | 6 7 8 9 |  9.1
Dodging        | 3 |  3.9
Fighting       | 2 |  2.0
Stealth        | |  1.2

Action                     |  1- 3 |  4- 6 || total
---------------------------+-------+-------++-------
   Fire: Shortbow          |    78 |   102 ||   180
    Use: Scroll            |     2 |     5 ||     7
         Potion            |       |     1 ||     1
 Armour: Ring mail         |     8 |    28 ||    36
  Dodge: Dodged            |    20 |    46 ||    66

Table legend:
 A = Non-vault XP
 B = Vault XP
 C = Vault XP percentage of total XP
 D = Non-vault monster count
 E = Vault monster count
 F = Vault count percentage of total count
                 A         B        C        D         E       F
            +---------+---------+-------+---------+---------+-------
      Total |     432 |      19 |   4.2 |      43 |       4 |   8.5
            +---------+---------+-------+---------+---------+-------
        D:1 |      17 |       0 |   0.0 |      10 |       0 |   0.0
        D:2 |      73 |      19 |  20.7 |      20 |       4 |  16.7
        D:3 |       2 |       0 |   0.0 |       1 |       0 |   0.0
        D:4 |       1 |       0 |   0.0 |       1 |       0 |   0.0
        D:5 |     339 |       0 |   0.0 |      11 |       0 |   0.0
            +---------+---------+-------+---------+---------+-------
